 Dungeon Crawl Stone Soup version 0.23.2-1-ga50397a (webtiles) character file.

Game seed: 588192644820561315

121 Inchmeat the Chopper (level 5, -2/42 HPs)
             Began as a Hill Orc Gladiator on Apr 18, 2019.
             Slain by Natasha (3 damage)
             ... on level 2 of the Dungeon.
             The game lasted 00:01:53 (1589 turns).

Inchmeat the Chopper (Hill Orc Gladiator)           Turns: 1589, Time: 00:01:54

Health: -2/42      AC:  6    Str: 18    XL:     5   Next: 5%
Magic:  5/5        EV: 11    Int:  8    God:
Gold:   120        SH:  0    Dex: 12    Spells: 4/4 levels left

rFire    + . .     SeeInvis .   a - +0 war axe
rCold    + . .     Gourm    .   (no shield)
rNeg     . . .     Faith    .   n - +0 ring mail
rPois    +         Spirit   .   c - +0 helmet
rElec    +         Reflect  .   (no cloak)
rCorr    +         Harm     .   (no gloves)
MR       .....                  (no boots)
Stlth    +.........             h - amulet of rage
HPRegen  0.14/turn              (no ring)
MPRegen  0.09/turn              (no ring)

@: resistant, slowed, very slow
A: no striking features
a: Evoke Berserk Rage


You were on level 2 of the Dungeon.
You were not hungry.

You visited 1 branch of the dungeon, and saw 2 of its levels.

You collected 120 gold pieces.

Inventory:

Hand Weapons
 a - a +0 war axe (weapon)
Armour
 b - a +0 leather armour
 c - a +0 helmet (worn)
 n - a +0 ring mail (worn)
Jewellery
 h - an amulet of rage (around neck)
 p - a +2 ring of strength {unknown}
 t - an uncursed ring of protection from fire {unknown}
Wands
 v - a wand of flame (10)
Scrolls
 j - a scroll of amnesia {unknown}
 o - a scroll of remove curse {unknown}
 q - a scroll of teleportation {unknown}
 r - a scroll of identify {unknown}
 x - a scroll of noise {unknown}
Potions
 e - 3 potions of curing {unknown}
 g - a potion of heal wounds {unknown}
 i - a potion of lignification {unknown}
 k - a potion of resistance
 l - a potion of cancellation {unknown}
 m - a potion of haste {unknown}
 s - 2 potions of ambrosia {unknown}
 w - a potion of invisibility {unknown}
Comestibles
 f - 7 rations


   Skills:
 - Level 2.4 Fighting
 + Level 7.4 Axes
 - Level 1.7 Throwing
 - Level 2.4 Dodging


You had 4 spell levels left.
You didn't know any spells.
Your spell library was empty.

Dungeon Overview and Level Annotations

Branches:
Dungeon (2/15)

Altars:

Annotations:
D:2 Natasha


Message History

Ye throw a throwin' net.
Tha throwin' net completely misses Natasha.
Tha throwin' net hits tha bat.
Tha bat be caught in tha net!
Tha bat struggles against tha net. x2
Tha net rips apart, an' tha bat comes free!
Natasha closely misses ye. x2
Firin' (i - inventory) Nay suit'ble missiles.
Press: ? - help, Shift-Dir - straight line, f/p - Natasha
Aim: Natasha, carryin' a wand o' random effects (14) (lightly wounded) Okay, than.
Ye hit Natasha.
Natasha be heavily wounded.
Natasha claws ye.
* * * LOW HITPOINT WARNIN'
* * * All o' tha chunks o' flesh in yer inventory haf rotted away.
Unknown command.
It was a potion o' resistance.
Ye feel protected.
Natasha closely misses ye.
Natasha claws ye.
Ye die...

#.#.## ###.##. .....
...(.. .#.#.#.##.#.# #
...#........##.#
#.#......#.#...
..#.#..%...#.#
........#..b# #
##.#.##.#.#.#h##..#
.......††..#@....#
#.###.##.#.#.##..# ##
(............# ..... .
##.###.##.#.# ####. .##.
.####.###†##.#.#
###.###.#.#
.................
.....#..#
#..###...##..###
##.#.#.## #.#...###
#.......#
#.##############.......#


You could see Natasha and a bat.

Vanquished Creatures
  Natasha (twice) (D:2)
  Terence (D:2)
  An adder (D:2)
  A worm (D:2)
  2 dart slugs (D:1)
  A leopard gecko (D:1)
  A ball python (D:2)
  5 giant cockroaches
  4 goblins
  2 hobgoblins
  3 jackals (D:2)
  2 bats (D:2)
  A kobold (D:2)
  9 rats
35 creatures vanquished.

Notes
Turn   | Place    | Note
-------+----------+-------------------------------------------
     0 | D:1      | Inchmeat the Hill Orc Gladiator began the quest for the
                  | Orb.
     0 | D:1      | Reached XP level 1. HP: 18/18 MP: 1/1
   310 | D:1      | Reached XP level 2. HP: 25/25 MP: 2/2
   497 | D:1      | Reached skill level 5 in Axes
  1060 | D:2      | Reached XP level 3. HP: 24/30 MP: 3/3
  1236 | D:2      | Noticed Natasha
  1243 | D:2      | Killed Natasha
  1243 | D:2      | Reached skill level 6 in Axes
  1360 | D:2      | Reached XP level 4. HP: 37/37 MP: 4/4
  1385 | D:2      | Noticed Terence
  1400 | D:2      | Killed Terence
  1536 | D:2      | Noticed Natasha
  1553 | D:2      | Reached skill level 7 in Axes
  1564 | D:2      | Killed Natasha
  1564 | D:2      | Reached XP level 5. HP: 12/42 MP: 5/5
  1578 | D:2      | Noticed Natasha
  1588 | D:2      | HP: 1/42 [Natasha (5)]
  1589 | D:2      | Slain by Natasha

Skill      XL: |  1  2  3  4 |
---------------+-------------+-----
Axes           | 5 6 7 |  7.4
Fighting       | |  2.4
Throwing       | |  1.7
Dodging        | |  2.4

Action                   |  1- 3 |  4- 6 || total
-------------------------+-------+-------++-------
Melee: War axe           |    60 |    46 ||   106
Throw: Throwing net      |       |     3 ||     3
  Use: Potion            |       |     1 ||     1
  Eat: Chunk             |       |     2 ||     2
Armor: Leather armour    |    10 |       ||    10
       Ring mail         |    15 |    22 ||    37
Dodge: Dodged            |    38 |    54 ||    92
